 Dungeon Crawl Stone Soup version 0.17-a0-1591-g7a45446 (webtiles) character file.

2571 KINGKRU the Covert (level 9, -3/70 HPs)
             Began as a Minotaur Gladiator on July 29, 2015.
             Was a Follower of the Shining One.
             Slain by a hippogriff (5 damage)
             ... on level 2 of the Lair of Beasts.
             The game lasted 00:39:07 (8340 turns).

KINGKRU the Covert (Minotaur Gladiator)             Turns: 8340, Time: 00:39:07

Health: -3/70      AC:  4    Str: 22      XL:     9   Next: 32%
Magic:  8/8        EV: 18    Int:  8      God:    the Shining One [*.....]
Gold:   317        SH:  0    Dex: 11 (12) Spells: 0 memorised, 8 levels left

rFire  . . .     SeeInvis .     a - +1 war axe
rCold  . . .     Clarity  .     b - +0 leather armour
rNeg   . . .     SustAt   .     (no shield)
rPois  .         Gourm    .     (helmet restricted)
rElec  +         Spirit   .     (no cloak)
rCorr  .         Warding  .     o - +0 pair of gloves
rMut   .         Stasis   .     (no boots)
MR     .....                    p - amulet of the Air {Inacc +Fly rElec EV+5 RMsl}
Stlth  ++........               (no ring)
                                h - +3 ring of intelligence

@: glowing, repel missiles, not resistant to hostile enchantments, unstealthy
A: retaliatory headbutt, horns 2, deterioration 1, subdued magic 1
a: Renounce Religion, Evoke Flight


You were on level 2 of the Lair of Beasts.
You worshipped the Shining One.
The Shining One was aware of your devotion.
You were not hungry.

You visited 3 branches of the dungeon, and saw 11 of its levels.

You collected 317 gold pieces.

Inventory:

Hand weapons
 a - a +1 war axe (weapon)
 i - a +0 spear
 k - a +0 battleaxe
 x - a +4 short sword
 z - a +0 glaive
 E - a +0 great mace
 L - a +0 arbalest
Missiles
 d - 5 throwing nets (quivered)
 e - 23 poisoned needles
 g - 8 tomahawks
 v - 14 arrows of dispersal
Armour
 b - a +0 leather armour (worn)
 c - a +0 hat
 l - a +0 pair of boots
 o - a +0 pair of gloves (worn)
 s - a +0 pair of gloves
 w - a +0 ring mail
 y - a +0 plate armour
Jewellery
 f - a cursed ring of loudness
 h - a +3 ring of intelligence (left hand)
 j - an uncursed ring of magical power
 p - the amulet of the Air (around neck) {Inacc +Fly rElec EV+5 RMsl}
   (You found it on level 6 of the Dungeon)

   [amulet of inaccuracy]

   It reduces the accuracy of all your attacks.
   It affects your evasion (+5).
   It insulates you from electricity.
   It lets you fly.
   It protects you from missiles.
 F - an uncursed amulet of warding {unknown}
 H - an uncursed ring of fire {unknown}
Magical devices
 m - a wand of lightning (9)
 B - a wand of flame (16)
 G - a wand of frost (16)
Scrolls
 u - 3 scrolls of remove curse
 C - a scroll of fog
 D - a scroll of magic mapping
 I - 2 scrolls of identify
 K - a scroll of teleportation
Potions
 n - a potion of mutation
 q - a potion of agility {unknown}
 r - a potion of resistance {unknown}
 J - a potion of brilliance {unknown}
Books
 A - a book of Conjurations

   Spells                             Type                      Level
   a - Magic Dart                     Conjuration                  1
   b - Searing Ray                    Conjuration                  2
   c - Dazzling Spray                 Conjuration/Hexes            3
   d - Fulminant Prism                Conjuration/Hexes            4
   e - Iskenderun's Mystic Blast      Conjuration                  4
   f - Iskenderun's Battlesphere      Conjuration/Charms           5
Comestibles
 t - 2 bread rations


   Skills:
 - Level 3.2 Fighting
 - Level 4.8 Axes
 + Level 2.1 Throwing
 - Level 2.5 Armour
 - Level 4.6 Dodging
 + Level 10.5 Stealth


You had 8 spell levels left.
You didn't know any spells.

Dungeon Overview and Level Annotations

Branches:
Dungeon (8/15)             Temple (1/1) D:6            Lair (2/8) D:8

Altars:
Ashenzari
Cheibriados
Elyvilon
Fedhas
Kikubaaqudgha
Nemelex Xobeh
Okawaru
Ru
Trog
Xom
Zin
The Shining One


Innate Abilities, Weirdness & Mutations

You reflexively headbutt those who attack you in melee.
You have a pair of horns on your head.
Your body sometimes deteriorates upon taking damage.
Your spells are a little easier to cast, but a little less powerful.


Message History

The hippogriff barely misses you. The hippogriff pecks you.
* * * LOW HITPOINT WARNING * * *
The hippogriff claws you.
* * * LOW HITPOINT WARNING * * *
You slash the hippogriff!
The hippogriff is moderately wounded.
The hippogriff bites you.
* * * LOW HITPOINT WARNING * * *
The hippogriff pecks you but does no damage.
The hippogriff claws you.
* * * LOW HITPOINT WARNING * * *
Drink which item? (? for menu, Esc to quit)
Okay, then.
There are no items here.
The hippogriff bites you.
* * * LOW HITPOINT WARNING * * *
The hippogriff pecks you.
* * * LOW HITPOINT WARNING * * *
The hippogriff claws you.
You die...

##.###...##.##..#
### ##.## # ##.##
#...# #P..# ##.##
# #..# #..###..##
#......@.####
#.....H.....#
#..<...........
#<......#.#.#P.
#.......##### #
P........
........#
#........
#........


You could see a hippogriff.

Vanquished Creatures
  2 yaks (D:8)
  The ghost of yottam the Insei, an average HuWn (D:4)
  3 water moccasins (Lair:1)
  2 hippogriffs
  A porcupine (Lair:2)
  An orc warrior (D:7)
  A black bear (D:6)
  A centaur (D:8)
  3 ogres
  2 necrophages
  A crocodile (Lair:1)
  2 giant frogs
  A jelly (D:7)
  2 crimson imps (D:7)
  A hound (D:8)
  3 iguanas
  2 worker ants
  3 orc priests
  3 orc wizards
  A gnoll (D:1)
  5 adders
  3 river rats
  An adder zombie (D:6)
  2 worms (D:3)
  7 giant geckos
  16 orcs
  22 bats
  2 bat skeletons (D:4)
  13 hobgoblins
  3 jackals (D:2)
  3 quokkas
  A ball python (D:6)
  A giant cockroach (D:1)
  7 giant newts
  14 goblins
  7 kobolds
  15 rats
  3 fungi (D:8)
  2 plants (D:8)
163 creatures vanquished.

Vanquished Creatures (others)
  5 fungi (D:8)
5 creatures vanquished.

Grand Total: 168 creatures vanquished

Notes
Turn   | Place    | Note
--------------------------------------------------------------
     0 | D:1      | KINGKRU the Minotaur Gladiator began the quest for the Orb.
     0 | D:1      | Reached XP level 1. HP: 18/18 MP: 0/0
   164 | D:1      | Reached skill level 4 in Axes
   236 | D:1      | Reached XP level 2. HP: 25/25 MP: 1/1
   846 | D:1      | Reached XP level 3. HP: 28/30 MP: 2/2
  1137 | D:2      | Reached XP level 4. HP: 8/37 MP: 3/3
  1790 | D:2      | Reached skill level 1 in Armour
  1994 | D:3      | Gained mutation: Your body sometimes deteriorates upon taking damage. [potion of mutation]
  1994 | D:3      | Gained mutation: Your spells are a little easier to cast, but a little less powerful. [potion of mutation]
  2664 | D:4      | Reached XP level 5. HP: 40/45 MP: 4/4
  2797 | D:4      | Noticed yottam's ghost (average HuWn)
  2813 | D:4      | Killed yottam's ghost
  2813 | D:4      | Reached XP level 6. HP: 13/51 MP: 5/5
  3293 | D:5      | Entered Level 5 of the Dungeon
  3358 | D:6      | Found a staircase to the Ecumenical Temple.
  3838 | D:6      | Reached XP level 7. HP: 29/57 MP: 6/6
  3993 | D:6      | Found an iron altar of Okawaru.
  4012 | D:6      | Paralysed by an orc wizard for 4 turns
  4028 | D:6      | Paralysed by an orc wizard for 4 turns
  4396 | Temple   | Entered the Ecumenical Temple
  4737 | D:7      | HP: 1/57 [orc warrior/battleaxe (28)]
  4744 | D:7      | Reached skill level 5 in Stealth
  5079 | D:7      | Found a glowing golden altar of the Shining One.
  5096 | D:7      | Became a worshipper of the Shining One
  5218 | D:7      | Reached skill level 6 in Stealth
  5526 | D:8      | Reached skill level 7 in Stealth
  5526 | D:8      | Reached XP level 8. HP: 35/62 MP: 7/7
  5919 | D:8      | Reached skill level 8 in Stealth
  6005 | D:8      | Noticed a yak
  6029 | D:8      | Noticed a yak
  6038 | D:8      | Killed a yak
  6053 | D:8      | Killed a yak
  6053 | D:8      | Reached skill level 9 in Stealth
  6467 | D:7      | Found a sparkling altar of Nemelex Xobeh.
  6484 | D:7      | Found a bloodstained altar of Trog.
  6740 | D:8      | Found a staircase to the Lair.
  6740 | D:8      | Noticed a deep elf fighter
  6747 | Lair:1   | Entered Level 1 of the Lair of Beasts
  6817 | Lair:1   | Reached XP level 9. HP: 66/70 MP: 8/8
  6896 | Lair:1   | Reached skill level 10 in Stealth
  8333 | Lair:2   | Acquired the Shining One's first power
  8340 | Lair:2   | HP: 2/70 [hippogriff (4)]
  8340 | Lair:2   | Slain by a hippogriff

Vault maps used:
D:1:      sevenhm_arrival_forest_fort_large_4, glass_columns_a
D:4:      uniq_menkaure
D:5:      overflow_temple_1_default, enter_ossuary_1, first_bread
D:6:      old_standard_altar, minmay_temple_entry_overgrown,
          minmay_misc_feat_doors, minmay_holes
D:7:      tso_altar, basic_altar, bloody_trog
D:8:      grunt_lair_entry_elf_guard_hut, grunt_ogre_cave
Temple:   minmay_temple_curvy_14
Lair:1:   serial_bayou_shore_b, grunt_megastairs_4
Lair:2:   portal_ice_cave_entry_ice_beasts, lemuel_fruit_fields,
          serial_bayou_shore_b, serial_bayou_shore_a, grunt_megastairs_5

Action                   |  1- 3 |  4- 6 |  7- 9 || total
-------------------------+-------+-------+-------++-------
Melee: War axe           |    54 |   115 |   288 ||   457
  Use: Potion            |       |     6 |     3 ||     9
       Scroll            |       |     5 |     5 ||    10
 Stab: Sleeping          |       |     1 |     2 ||     3
  Eat: Bread ration      |     1 |       |     2 ||     3
       Fruit             |       |     3 |       ||     3
       Beef jerky        |       |     1 |     1 ||     2
       Pizza             |       |     1 |       ||     1
       Meat ration       |       |       |     1 ||     1
